 Dungeon Crawl Stone Soup version 0.18-a0-1343-g48c8f86 (webtiles) character file.

119 M4edhros the Insei (level 4, -1/35 HPs)
             Began as a Mummy Monk on Feb 17, 2016.
             Slain by an orc wizard
             ... wielding a +0 dagger
              (2 damage)
             ... on level 5 of the Dungeon.
             The game lasted 00:07:33 (4989 turns).

M4edhros the Insei (Mummy Monk)                     Turns: 4989, Time: 00:07:33

Health: -1/35      AC:  2    Str: 14    XL:     4   Next: 74%
Magic:  4/4        EV: 13    Int:  9    God:
Gold:   145        SH:  0    Dex: 15    Spells: 0 memorised, 3 levels left

rFire  x . .     SeeInvis .       - Unarmed
rCold  + . .     Gourm    .     (no armour)
rNeg   + + +     Faith    .     (no shield)
rPois  ∞         Spirit   .     k - +0 helmet
rElec  .         Dismiss  .     (no cloak)
rCorr  .         Reflect  .     l - +0 pair of gloves
SustAt .         Harm     .     (no boots)
MR     .....                    (no amulet)
Stlth  ++........               (no ring)
                                (no ring)

@: not resistant to hostile enchantments, unstealthy
A: no food or potions, fire vulnerability, cold resistance 1, negative energy
resistance 3, torment resistance, unbreathing
a: no special abilities


You were on level 5 of the Dungeon.
You were not hungry.

You visited 1 branch of the dungeon, and saw 5 of its levels.

You collected 145 gold pieces.

Inventory:

Armour
 k - a +0 helmet (worn)
 l - a +0 pair of gloves (worn)
Scrolls
 a - 2 scrolls of remove curse {unknown}
 c - 2 scrolls of blinking {unknown}
 d - a scroll of immolation {unknown}
 e - 2 scrolls of identify {unknown}
 f - a scroll of random uselessness {unknown}
 g - 2 scrolls of magic mapping {unknown}
 h - 2 scrolls of teleportation {unknown}
 i - 2 scrolls of noise {unknown}
 j - a scroll of enchant armour {unknown}


   Skills:
 - Level 3.0 Fighting
 - Level 2.4 Dodging
 + Level 3.2 Stealth
 + Level 4.3 Unarmed Combat


You had 3 spell levels left.
You didn't know any spells.

Dungeon Overview and Level Annotations

Branches:
Dungeon (5/15)
 Temple: D:4-7

Altars:

Annotations:
D:2 Terence
D:3 Crazy Yiuf, Ijyb
D:4 Edmund, Robin


Innate Abilities, Weirdness & Mutations

You do not eat or drink.
Your flesh is vulnerable to fire.
You are immune to poison.
Your flesh is cold resistant.
You are immune to negative energy.
You are immune to unholy pain and torment.
You can survive without breathing.


Message History

You climb downwards.
You hear the sound of rushing water.
There is an entrance to a sewer on this level.
Hurry and find it before the portal rusts away!
A giant cockroach comes into view.
Found 17 gold pieces.
There is a stone staircase leading up here.
You barely miss the orc wizard. The orc wizard completely misses you.
The orc wizard casts a spell at you. The puff of flame misses you.
You closely miss the orc wizard. The orc wizard casts a spell at you.
The puff of flame hits you! The fire burns you terribly!
* * * LOW HITPOINT WARNING * * *
You aren't carrying any pieces of jewellery.
You can't drink.
Read which item? (? for menu, Esc to quit)
As you read the scroll labeled NIOLLU CORPHUIPN, it crumbles to dust.
The scroll dissolves into smoke.
It was a scroll of fog.
The orc wizard hits you with a dagger.
You die...

≈≈s≈#
#### $...
#..# #..#
#§§ #§#
#@#
.....§§o#
.#####§##
#. #. #.
##


You could see an orc wizard.

Vanquished Creatures
  An iguana (D:2)
  2 adders (D:2)
  2 oozes
  A worm (D:3)
  A giant gecko (D:1)
  An orc (D:3)
  2 ball pythons
  5 giant cockroaches
  11 goblins
  6 hobgoblins
  2 quokkas (D:3)
  5 bats (D:1)
  3 giant newts
  9 kobolds
  12 rats
63 creatures vanquished.

Notes
Turn   | Place    | Note
--------------------------------------------------------------
     0 | D:1      | M4edhros the Mummy Monk began the quest for the Orb.
     0 | D:1      | Reached XP level 1. HP: 18/18 MP: 1/1
   149 | D:1      | Reached XP level 2. HP: 10/24 MP: 2/2
  1004 | D:1      | Reached XP level 3. HP: 26/29 MP: 3/3
  1452 | D:2      | HP: 1/29 [adder (1)]
  1991 | D:2      | Reached skill level 4 in Unarmed Combat
  2309 | D:2      | Reached XP level 4. HP: 25/35 MP: 4/4
  2819 | D:3      | Noticed Ijyb
  3068 | D:3      | Noticed Terence
  3442 | D:3      | Noticed Crazy Yiuf
  4824 | D:4      | Noticed a phantom
  4862 | D:4      | Noticed Edmund
  4977 | D:4      | Noticed Robin
  4986 | D:5      | Entered Level 5 of the Dungeon
  4988 | D:5      | HP: 1/35 [orc wizard/puff of flame (7)]
  4989 | D:5      | Slain by an orc wizard

Vault maps used:
D:1:      ncdulo_watergridlock
D:2:      first_bread
D:3:      uniq_terence, uniq_iyjb, uniq_crazy_yiuf_cottage
D:4:      marbit_many_paths, uniq_menkaure, uniq_robin, uniq_edmund
D:5:      grunt_dithmenos_smoke_and_mirrors, gup_sewer_entry_glass,
          kennysheep_potato

Action                   |  1- 3 |  4- 6 || total
-------------------------+-------+-------++-------
Melee: Unarmed           |   128 |   135 ||   263
  Use: Scroll            |       |     1 ||     1
 Stab: Sleeping          |     6 |     1 ||     7
       Distracted        |     2 |       ||     2
